TOP OF THE 1ST |
---|
North Carolina Tar Heels batting - Pitching for Florida Gators : RHP Ryan Verhey | Pitching: RHP Ryan Verhey | | Batting: LHB Rusty McCrum | 0-0: Ball 1-0: Bunt missed! 1-1: Ball 2-1: Ball 3-1: Ground out 4-3 (Groundball, 4D) | Batting: LHB Ron Fanning | 0-0: Foul Ball, location: 2F 0-1: Swinging Strike 0-2: Ground out 3-1 (Groundball, 34) | Batting: RHB Phil Bailey | 0-0: Ball 1-0: Ball 2-0: Called Strike 2-1: Ball 3-1: Foul Ball, location: 2F 3-2: Strikes out swinging | Top of the 1st over - 0 runs, 0 hits, 0 errors, 0 left on base; North Carolina 0 - Florida 0 | BOTTOM OF THE 1ST |
---|
Florida Gators batting - Pitching for North Carolina Tar Heels : RHP Jason Conte | Pitching: RHP Jason Conte | | Batting: LHB Justin Cody | 0-0: Called Strike 0-1: Swinging Strike 0-2: Reached on error, E9 (Line Drive, 9) | Batting: SHB Matt Lewis | 0-0: Ground out 2-3 (Groundball, 15S) Justin Cody to third | Batting: LHB Eric Halweg | 0-0: Ball 1-0: Called Strike 1-1: Ball 2-1: SINGLE (Flyball, 78S) Justin Cody scores | Batting: LHB Josh Burke | 0-0: Ball 1-0: Called Strike 1-1: Foul Ball, location: 2F 1-2: Strikes out swinging | Batting: LHB Abe Canuso | 0-0: Ball 1-0: Foul Ball, location: 2F 1-1: Called Strike 1-2: Ball 2-2: Ground out 4-3 (Groundball, 34D) | Bottom of the 1st over - 1 run, 1 hit, 1 error, 1 left on base; North Carolina 0 - Florida 1 | TOP OF THE 2ND |
---|
North Carolina Tar Heels batting - Pitching for Florida Gators : RHP Ryan Verhey | Batting: RHB Josh Grimes | 0-0: Ball 1-0: Called Strike 1-1: Foul Ball, location: 2F 1-2: Foul Ball, location: 2F 1-2: Fly out, F6 (Line Drive, 6M) | Batting: RHB Jose Quintero | 0-0: Swinging Strike 0-1: Ball 1-1: Called Strike 1-2: Hit by Pitch | Batting: LHB Brad Ratliff | 0-0: Called Strike 0-1: Foul Ball, location: 2F 0-2: Ball 1-2: Ball 2-2: Strikes out swinging | Batting: RHB Sean Radtke | 0-0: Ball 1-0: Fly out, F9 (Flyball, 9LS) | Top of the 2nd over - 0 runs, 0 hits, 0 errors, 1 left on base; North Carolina 0 - Florida 1 | BOTTOM OF THE 2ND |
---|
Florida Gators batting - Pitching for North Carolina Tar Heels : RHP Jason Conte | Batting: RHB Aaron Eller | 0-0: Ball 1-0: Ball 2-0: Ball 3-0: Called Strike 3-1: Swinging Strike 3-2: Base on Balls | Batting: RHB Logan Jones | 0-0: Ball 1-0: Swinging Strike 1-1: Ground out 5-3 (Groundball, 5S) Aaron Eller to second | Batting: SHB Bryan Hegedus | 0-0: 2-RUN HOME RUN (Flyball, 9D), Distance : 397 ft | Batting: RHB Dan Pollard | 0-0: Swinging Strike 0-1: Ball 1-1: Called Strike 1-2: Ball 2-2: Strikes out swinging | Batting: LHB Justin Cody | 0-0: Swinging Strike 0-1: Swinging Strike 0-2: Ball 1-2: Ball 2-2: Ball 3-2: Foul Ball, location: 2F 3-2: Base on Balls | Batting: SHB Matt Lewis | 0-0: Foul Ball, location: 2F 0-1: Ball 1-1: Called Strike 1-2: Foul Ball, location: 2F 1-2: Fly out, F9 (Flyball, 9LSF) | Bottom of the 2nd over - 2 runs, 1 hit, 0 errors, 1 left on base; North Carolina 0 - Florida 3 | TOP OF THE 3RD |
---|
North Carolina Tar Heels batting - Pitching for Florida Gators : RHP Ryan Verhey | Batting: RHB Chris Lee | 0-0: Called Strike 0-1: Fly out, F3 (Popup, 3S) | Batting: RHB Steve Sherrod | 0-0: Ground out U3 (Groundball, 34S) | Batting: LHB Rusty McCrum | 0-0: Called Strike 0-1: Called Strike 0-2: Ground out 4-3 (Groundball, 4) | Top of the 3rd over - 0 runs, 0 hits, 0 errors, 0 left on base; North Carolina 0 - Florida 3 | BOTTOM OF THE 3RD |
---|
Florida Gators batting - Pitching for North Carolina Tar Heels : RHP Jason Conte | Batting: LHB Eric Halweg | 0-0: Ball 1-0: Foul Ball, location: 2F 1-1: Ball 2-1: Ball 3-1: Base on Balls | Batting: LHB Josh Burke | 0-0: Fly out, F7 (Flyball, 78D) | Batting: LHB Abe Canuso | 0-0: Swinging Strike 0-1: Called Strike 0-2: Strikes out swinging | Batting: RHB Aaron Eller | 0-0: Ball 1-0: Ball 2-0: Called Strike 2-1: Ball 3-1: 2-RUN HOME RUN (Flyball, 7LD), Distance : 330 ft | Batting: RHB Logan Jones | 0-0: Called Strike 0-1: Fly out, F7 (Line Drive, 7) | Bottom of the 3rd over - 2 runs, 1 hit, 0 errors, 0 left on base; North Carolina 0 - Florida 5 | TOP OF THE 4TH |
---|
North Carolina Tar Heels batting - Pitching for Florida Gators : RHP Ryan Verhey | Batting: LHB Ron Fanning | 0-0: Ball 1-0: Foul Ball, location: 2F 1-1: Swinging Strike 1-2: Ball 2-2: Ground out 4-3 (Groundball, 4) | Batting: RHB Phil Bailey | 0-0: Fly out, F7 (Line Drive, 7D) | Batting: RHB Josh Grimes | 0-0: Called Strike 0-1: Ball 1-1: Called Strike 1-2: TRIPLE (Line Drive, 9D) | Batting: RHB Jose Quintero | 0-0: Ground out U3 (Groundball, 34S) | Top of the 4th over - 0 runs, 1 hit, 0 errors, 1 left on base; North Carolina 0 - Florida 5 | BOTTOM OF THE 4TH |
---|
Florida Gators batting - Pitching for North Carolina Tar Heels : RHP Jason Conte | Batting: SHB Bryan Hegedus | 0-0: Ball 1-0: Foul Ball, location: 2F 1-1: Ball 2-1: Fly out, F8 (Flyball, 89D) | Batting: RHB Dan Pollard | 0-0: Ball 1-0: Ball 2-0: Foul Ball, location: 2F 2-1: Called Strike 2-2: Strikes out looking | Batting: LHB Justin Cody | 0-0: Foul Ball, location: 2F 0-1: Swinging Strike 0-2: Ball 1-2: Ground out 1-3 (Groundball, 13) | Bottom of the 4th over - 0 runs, 0 hits, 0 errors, 0 left on base; North Carolina 0 - Florida 5 | TOP OF THE 5TH |
---|
North Carolina Tar Heels batting - Pitching for Florida Gators : RHP Ryan Verhey | Batting: LHB Brad Ratliff | 0-0: Called Strike 0-1: Ground out U3 (Groundball, 34) | Batting: RHB Sean Radtke | 0-0: Called Strike 0-1: Foul Ball, location: 2F 0-2: Foul Ball, location: 2F 0-2: Ball 1-2: Strikes out looking | Batting: RHB Chris Lee | 0-0: Swinging Strike 0-1: Swinging Strike 0-2: Ball 1-2: Fly out, F7 (Flyball, 7LMF) | Top of the 5th over - 0 runs, 0 hits, 0 errors, 0 left on base; North Carolina 0 - Florida 5 | BOTTOM OF THE 5TH |
---|
Florida Gators batting - Pitching for North Carolina Tar Heels : RHP Jason Conte | Batting: SHB Matt Lewis | 0-0: Ball 1-0: Called Strike 1-1: Foul Ball, location: 2F 1-2: Foul Ball, location: 2F 1-2: Ball 2-2: Strikes out looking | Batting: LHB Eric Halweg | 0-0: Ball 1-0: Ball 2-0: Foul Ball, location: 2F 2-1: Ball 3-1: Foul Ball, location: 2F 3-2: Base on Balls | Batting: LHB Josh Burke | 0-0: Ball 1-0: Ball 2-0: TRIPLE (Flyball, 9LD) Eric Halweg scores | Batting: LHB Abe Canuso | 0-0: Ball 1-0: Ball 2-0: Ball 3-0: Base on Balls | Batting: RHB Aaron Eller | 0-0: Called Strike 0-1: Ball 1-1: Hit by Pitch Abe Canuso to second | Batting: RHB Logan Jones | 0-0: Called Strike 0-1: Foul Ball, location: 2F 0-2: Foul Ball, location: 2F 0-2: Strikes out looking | Batting: SHB Bryan Hegedus | 0-0: Ball 1-0: Foul Ball, location: 2F 1-1: Ball 2-1: Foul Ball, location: 2F 2-2: Reached on error, E3 (Groundball, 34S) Josh Burke scores Abe Canuso to third Aaron Eller to second | Batting: RHB Dan Pollard | 0-0: DOUBLE (Line Drive, 78D) Abe Canuso scores Aaron Eller scores Bryan Hegedus to third Runner from 3rd tries for Home, SAFE, no throw | Batting: LHB Justin Cody | 0-0: Called Strike 0-1: Called Strike 0-2: Ball 1-2: DOUBLE (Line Drive, 78D) Dan Pollard scores | Batting: SHB Matt Lewis | 0-0: Ball 1-0: Ball 2-0: Called Strike 2-1: Ball 3-1: Called Strike 3-2: Base on Balls | Batting: LHB Eric Halweg | 0-0: Swinging Strike 0-1: Foul Ball, location: 2F 0-2: Ball 1-2: SINGLE (Groundball, 6D) Justin Cody to third Matt Lewis to second Runner from 3rd tries for Home, SAFE, no throw | Batting: LHB Josh Burke | 0-0: Called Strike 0-1: Called Strike 0-2: Ball 1-2: Ball 2-2: Ball 3-2: Base on Balls Matt Lewis to third Eric Halweg to second | Pitching: RHP Joe Maris | | Batting: LHB Abe Canuso | 0-0: Called Strike 0-1: Ball Wild Pitch! Matt Lewis scores Eric Halweg to third Josh Burke to second 1-1: Swinging Strike 1-2: Ground out 5-3 (Groundball, 5) | Bottom of the 5th over - 8 runs, 4 hits, 1 error, 2 left on base; North Carolina 0 - Florida 13 | TOP OF THE 6TH |
---|
North Carolina Tar Heels batting - Pitching for Florida Gators : RHP Ryan Verhey | Batting: RHB Steve Sherrod | 0-0: Foul Ball, location: 2F 0-1: Called Strike 0-2: Foul Ball, location: 2F 0-2: Ball 1-2: Ball 2-2: Strikes out swinging | Batting: LHB Rusty McCrum | 0-0: Ball 1-0: Ball 2-0: Called Strike 2-1: Swinging Strike 2-2: Strikes out looking | Batting: LHB Ron Fanning | 0-0: Ball 1-0: Ball 2-0: Ground out 6-3 (Groundball, 6) | Top of the 6th over - 0 runs, 0 hits, 0 errors, 0 left on base; North Carolina 0 - Florida 13 | BOTTOM OF THE 6TH |
---|
Florida Gators batting - Pitching for North Carolina Tar Heels : RHP Joe Maris | Batting: RHB Aaron Eller | 0-0: Called Strike 0-1: Ball 1-1: Ball 2-1: Ball 3-1: Base on Balls | Batting: RHB Logan Jones | 0-0: Ball Aaron Eller is caught stealing 2nd base 1-0: Foul Ball, location: 2F 1-1: Swinging Strike 1-2: Fly out, F9 (Flyball, 9S) | Batting: SHB Bryan Hegedus | 0-0: Ball 1-0: Fly out, F4 (Popup, 4MD) | Bottom of the 6th over - 0 runs, 0 hits, 0 errors, 0 left on base; North Carolina 0 - Florida 13 | TOP OF THE 7TH |
---|
North Carolina Tar Heels batting - Pitching for Florida Gators : RHP Ryan Verhey | Batting: RHB Phil Bailey | 0-0: Ball 1-0: Fly out, F9 (Flyball, 9S) | Batting: RHB Josh Grimes | 0-0: Ball 1-0: Ball 2-0: Called Strike 2-1: Foul Ball, location: 2F 2-2: Ball 3-2: Foul Ball, location: 2F 3-2: Foul Ball, location: 2F 3-2: SINGLE (Groundball, 6MD) | Batting: RHB Jose Quintero | 0-0: Ball 1-0: Called Strike 1-1: Ball 2-1: Called Strike Josh Grimes is caught stealing 2nd base 2-2: Foul Ball, location: 2F 2-2: Ball 3-2: Ground out 4-3 (Groundball, 4M) | Top of the 7th over - 0 runs, 1 hit, 0 errors, 0 left on base; North Carolina 0 - Florida 13 | BOTTOM OF THE 7TH |
---|
Florida Gators batting - Pitching for North Carolina Tar Heels : RHP Joe Maris | Batting: RHB Dan Pollard | 0-0: Called Strike 0-1: Fly out, F7 (Flyball, 7) | Batting: LHB Justin Cody | 0-0: Fly out, F7 (Line Drive, 78M) | Batting: SHB Matt Lewis | 0-0: Ball 1-0: Foul Ball, location: 2F 1-1: Ball 2-1: Foul Ball, location: 2F 2-2: Ball 3-2: Ground out U3 (Groundball, 3L) | Bottom of the 7th over - 0 runs, 0 hits, 0 errors, 0 left on base; North Carolina 0 - Florida 13 | TOP OF THE 8TH |
---|
North Carolina Tar Heels batting - Pitching for Florida Gators : RHP Ryan Verhey | Batting: LHB Brad Ratliff | 0-0: Ball 1-0: Foul Ball, location: 2F 1-1: Fly out, F6 (Popup, 15S) | Batting: RHB Sean Radtke | 0-0: Ball 1-0: Called Strike 1-1: Swinging Strike 1-2: Fly out, F6 (Line Drive, 6) | Batting: RHB Chris Lee | 0-0: Ball 1-0: Ball 2-0: Ball 3-0: Base on Balls | Batting: RHB Steve Sherrod | 0-0: Ball 1-0: Ball 2-0: Foul Ball, location: 2F 2-1: Swinging Strike 2-2: Strikes out swinging | Top of the 8th over - 0 runs, 0 hits, 0 errors, 1 left on base; North Carolina 0 - Florida 13 | BOTTOM OF THE 8TH |
---|
Florida Gators batting - Pitching for North Carolina Tar Heels : RHP Joe Maris | Batting: LHB Eric Halweg | 0-0: Foul Ball, location: 2F 0-1: SINGLE (Groundball, 6MS) (infield hit) | Batting: LHB Josh Burke | 0-0: Called Strike 0-1: Ball 1-1: Foul Ball, location: 2F 1-2: Foul Ball, location: 2F 1-2: Ball 2-2: Ball 3-2: Foul Ball, location: 2F 3-2: Base on Balls Eric Halweg to second | Batting: LHB Abe Canuso | 0-0: Fielders Choice at 2nd, 4-6 (Groundball, 4) Eric Halweg to third | Batting: RHB Aaron Eller | 0-0: Ball 1-0: Ball 2-0: Called Strike 2-1: Ball 3-1: Fly out, F9 (Flyball, 9LS) Runner from 3rd tags up, SCORES, no throw | Batting: RHB Logan Jones | 0-0: Foul Ball, location: 2F 0-1: Called Strike 0-2: Fielders Choice at 2nd, 5-4 (Groundball, 5) | Bottom of the 8th over - 1 run, 1 hit, 0 errors, 1 left on base; North Carolina 0 - Florida 14 | TOP OF THE 9TH |
---|
North Carolina Tar Heels batting - Pitching for Florida Gators : RHP Ryan Verhey | Now in RF: Adam Winston | | Batting: LHB Rusty McCrum | 0-0: Swinging Strike 0-1: Ball 1-1: Swinging Strike 1-2: Ball 2-2: Foul Ball, location: 2F 2-2: Foul Ball, location: 2F 2-2: Ball 3-2: SINGLE (Line Drive, 34) | Batting: LHB Ron Fanning | 0-0: Called Strike 0-1: Ball 1-1: Fly out, F9 (Flyball, 9) | Batting: RHB Phil Bailey | 0-0: Ball 1-0: Swinging Strike 1-1: Ball 2-1: SINGLE (Line Drive, 4D) Rusty McCrum to second | Pinch Hitting: RHB Alex Yarbrough | 0-0: Ball 1-0: Ball 2-0: Grounds into double play, 3-6-3 (Groundball, 3) | Top of the 9th over - 0 runs, 2 hits, 0 errors, 1 left on base; North Carolina 0 - Florida 14 | |